 Dungeon Crawl Stone Soup version 0.28-a0-80-g9707f7362f (webtiles) character file.

Game seed: 15206021097312486323

47 YgY the Cudgeller (level 3, -1/36 HPs)
             Began as a Troll Fighter on Aug 5, 2021.
             Slain by a gnoll (4 damage)
             ... on level 2 of the Dungeon.
             The game lasted 00:06:02 (1378 turns).

YgY the Cudgeller (Troll Fighter)                   Turns: 1378, Time: 00:06:02

Health: -1/36      AC:  4    Str: 25    XL:     3   Next: 48%
Magic:  2/2        EV:  7    Int:  4    God:
Gold:   59         SH:  8    Dex:  9    Spells: 2/2 levels left

rFire   . . .      SeeInvis .   a - +0 flail
rCold   . . .      Faith    .   c - +0 kite shield
rNeg    . . .      Spirit   .   b - +0 robe
rPois   .          Reflect  .   (helmet restricted)
rElec   .          Harm     .   (no cloak)
rCorr   .          Rampage  .   (gloves unavailable)
Will    .....                   (boots unavailable)
Stlth   +.........              (no amulet)
HPRegen 1.12/turn               (no ring)
MPRegen 0.08/turn               (no ring)

@: no status effects
A: large, unfitting armour, claws 3, regeneration 1, shaggy fur 1, tough skin 1
a: no special abilities


You were on level 2 of the Dungeon.
You visited 1 branch of the dungeon, and saw 2 of its levels.

You collected 59 gold pieces.

Inventory:

Hand Weapons
 a - a +0 flail (weapon)
 g - a +0 short sword of draining
Armour
 b - a +0 robe (worn)
 c - a +0 kite shield (worn)
Scrolls
 f - 3 scrolls of identify {unknown}
 h - a scroll of teleportation {unknown}
 i - a scroll of fog {unknown}
Potions
 d - 2 potions of might


   Skills:
 - Level 2.4 Fighting
 - Level 0.5 Short Blades
 - Level 3.1 Maces & Flails
 - Level 1.0 Throwing
 - Level 2.4 Dodging
 - Level 2.4 Shields
 + Level 0.1 Earth Magic


You had 2 spell levels left.
You didn't know any spells.
Your spell library contained the following spells:

 Spells                   Type           Power      Damage    Failure   Level
 Ozocubu's Armour         Ice            0%         N/A       100%        3
 Metabolic Englaciation   Hex/Ice        0%         N/A       100%        5
 Simulacrum               Ice/Necr       0%         N/A       100%        6


Dungeon Overview and Level Annotations

Branches:
Dungeon (2/15)

Altars:

Shops:
D:2 (


Innate Abilities, Weirdness & Mutations

You are too large for most types of armour.
You have claws for hands.
Your natural rate of healing is unusually fast.
You are covered in fur. (AC +1)
You have tough skin. (AC +1)


Message History

You throw a stone.
The stone completely misses the frilled lizard.
The stone closely misses the gnoll.
You throw a stone.
The stone barely misses the frilled lizard.
The stone hits the gnoll but does no damage.
You barely miss the frilled lizard. The frilled lizard bites you.
The frilled lizard barely misses you.
You closely miss the frilled lizard.
The gnoll hits you from afar with a +0 halberd of freezing!
The gnoll freezes you. The frilled lizard closely misses you.
You block the gnoll's attack.
You miss the frilled lizard.
The frilled lizard bites you but does no damage.
The gnoll hits you from afar with a +0 halberd of freezing!
The gnoll freezes you.
* * * LOW HITPOINT WARNING * * *
You block the frilled lizard's attack.
You miss the frilled lizard. You block the gnoll's attack.
You block the frilled lizard's attack. The gnoll barely misses you.
You closely miss the frilled lizard. The frilled lizard closely misses you.
You block the gnoll's attack.
You miss the frilled lizard. The frilled lizard closely misses you.
You block the gnoll's attack. You block the frilled lizard's attack.
You block the gnoll's attack.
You miss the frilled lizard. The frilled lizard barely misses you.
The gnoll barely misses you.
You hit the frilled lizard.
The frilled lizard is heavily wounded.
You block the frilled lizard's attack.
The gnoll hits you from afar with a +0 halberd of freezing!
* * * LOW HITPOINT WARNING * * *
The gnoll freezes you.
* * * LOW HITPOINT WARNING * * *
The frilled lizard barely misses you. The gnoll barely misses you.
You block the frilled lizard's attack. The gnoll barely misses you.
The gnoll hits you from afar with a +0 halberd of freezing!
* * * LOW HITPOINT WARNING * * *
The gnoll freezes you.
You die...

...)....########.#####
........# #.#...#
........# #.#...#
........# #.....#
........# #.[...#
........# #.....######
........# #..g........
###.#####
#####l..#############
#...@................
#.###################


You could see a gnoll and a frilled lizard.

Vanquished Creatures
  An adder (D:2)
  2 worms (D:2)
  A bat (D:1)
  2 endoplasms (D:1)
  A giant cockroach (D:1)
  2 goblins
  3 hobgoblins (D:1)
  3 jackals (D:1)
  5 kobolds
  2 quokkas (D:1)
  3 ball pythons (D:1)
  3 frilled lizards (D:1)
  A rat (D:1)
29 creatures vanquished.

Vanquished Creatures (others)
  2 plants (D:1)
2 creatures vanquished.

Grand Total: 31 creatures vanquished

Notes
Turn   | Place    | Note
-------+----------+-------------------------------------------
     0 | D:1      | YgY the Troll Fighter began the quest for the Orb.
     0 | D:1      | Reached XP level 1. HP: 22/22 MP: 0/0
   130 | D:1      | Reached skill level 2 in Maces & Flails
   192 | D:1      | Reached XP level 2. HP: 29/29 MP: 1/1
   274 | D:1      | Found a faded altar of an unknown god.
  1131 | D:2      | Found Haim's Antique Weapon Emporium.
  1136 | D:2      | Reached XP level 3. HP: 31/36 MP: 2/2
  1251 | D:2      | Reached skill level 3 in Maces & Flails
  1315 | D:2      | Reached skill level 1 in Throwing
  1378 | D:2      | Slain by a gnoll

Illustrated notes

Levels and vault maps discovered:
D:1:      dpeg_arrival_rooms_c, layout_basic,
          ebering_ecumenical_altar_petrified, serial_forest,
          infiniplex_forest_straight_4, infiniplex_forest_clump_cross,
          infiniplex_forest_end_2, infiniplex_forest_zigzag_1,
          infiniplex_forest_clump_diagonal, hangedman_decor_diamond_cutter
D:2:      layout_basic, serial_shops, nicolae_shop_trees,
          minmay_misc_feat_rugged, minmay_door_square

Skill      XL: |  1  2  3 |
---------------+----------+-----
Maces & Flails | 2 3 |  3.1
Throwing       | 1 |  1.0
Fighting       | |  2.4
Short Blades   | |  0.5
Dodging        | |  2.4
Shields        | |  2.4
Earth Magic    | |  0.1

Action                   || total
-------------------------++-------
Melee: Flail             ||   121
       Short sword       ||    13
Throw: Stone             ||    43
Armor: Robe              ||    52
Dodge: Dodged            ||    56
Block: Kite shield       ||    79

Table legend: (Time is in decaauts)
 A = Elapsed time spent in this place.
 B = Non-inter-level travel time spent in this place.
 C = Inter-level travel time spent in this place.
 D = Time resting spent in this place.
 E = Time spent auto-exploring this place.
 F = Levels seen in this place.
 G = Mean time per level.
                   A        B        C        D        E       F      G
               +--------+--------+--------+--------+--------+-----+--------+
         Total |   1451 |   1440 |     11 |      0 |    980 |   2 |  725.5 |
       Dungeon |   1451 |   1440 |     11 |      0 |    980 |   2 |  725.5 |
               +--------+--------+--------+--------+--------+-----+--------+

Top non-repeatable levels by time:
     D:1: 1143 daAuts
     D:2: 308 daAuts
